TOP OF THE 1ST |
Clemson University Tigers batting - Pitching for University of Michigan Wolverines : RHP Aaron Marakovits
|
Pitching: RHP Aaron Marakovits
|
|
Batting: LHB Mario Nunez
|
0-0: Foul Ball, location: 2F 0-1: Foul Ball, location: 2F 0-2: Ground out 1-3 (Groundball, 13S, EV 76.9 MPH)
|
Batting: RHB Josh LeSage
|
0-0: Ball 1-0: Ball 2-0: Swinging Strike 2-1: Foul Ball, location: 2F 2-2: Strikes out swinging
|
Batting: RHB Marco Maggs
|
0-0: Called Strike 0-1: Ground out 4-3 (Groundball, 4, EV 84.4 MPH)
|
Top of the 1st over - 0 runs, 0 hits, 0 errors, 0 left on base; Clemson University 0 - University of Michigan 0 |
BOTTOM OF THE 1ST |
University of Michigan Wolverines batting - Pitching for Clemson University Tigers : RHP Mike Whitten
|
Pitching: RHP Mike Whitten
|
|
Batting: RHB Chris Williamson
|
0-0: Called Strike 0-1: Swinging Strike 0-2: Ball 1-2: Ball 2-2: Foul Ball, location: 2F 2-2: Ball 3-2: SINGLE (Flyball, 89S, EV 91.9 MPH)
|
Batting: LHB Omar Gutierrez
|
0-0: Ball 1-0: Foul Ball, location: 2F 1-1: Fly out, F8 (Flyball, 8LD, EV 82.5 MPH)
|
Batting: RHB Danny Arroyo
|
0-0: Foul Ball, location: 2F 0-1: Called Strike 0-2: Ball 1-2: Grounds into double play, 5-4-3 (Groundball, 56, EV 78.1 MPH)
|
Bottom of the 1st over - 0 runs, 1 hit, 0 errors, 0 left on base; Clemson University 0 - University of Michigan 0 |
TOP OF THE 2ND |
Clemson University Tigers batting - Pitching for University of Michigan Wolverines : RHP Aaron Marakovits
|
Batting: RHB David Rhodes
|
0-0: Swinging Strike 0-1: Foul Ball, location: 2F 0-2: Foul Ball, location: 2F 0-2: Strikes out looking
|
Batting: LHB Steve Gates
|
0-0: Ball 1-0: Ball 2-0: Foul Ball, location: 2F 2-1: Foul Ball, location: 2F 2-2: SINGLE (Flyball, 8LS, EV 84.4 MPH)
|
Batting: RHB Jason Duncan
|
0-0: Ball 1-0: Swinging Strike 1-1: Swinging Strike 1-2: Ball 2-2: Ball 3-2: Strikes out swinging
|
Batting: LHB George Jedinak
|
0-0: Swinging Strike 0-1: Ball 1-1: SINGLE (Groundball, 4D, EV 108.8 MPH) Steve Gates to second Runner from 2nd tries for 3rd, SAFE, no throw by CF
|
Batting: RHB Jose Rolon
|
0-0: Foul Ball, location: 2F 0-1: Ball 1-1: Ball 2-1: Ball 3-1: Fly out, F8 (Flyball, 8LD, EV 103.8 MPH)
|
Top of the 2nd over - 0 runs, 2 hits, 0 errors, 2 left on base; Clemson University 0 - University of Michigan 0 |
BOTTOM OF THE 2ND |
University of Michigan Wolverines batting - Pitching for Clemson University Tigers : RHP Mike Whitten
|
Batting: RHB Quirino Portel
|
0-0: Foul Ball, location: 2F 0-1: Ball 1-1: SINGLE (Line Drive, 56, EV 103.8 MPH)
|
Batting: LHB Lance Sabo
|
0-0: Ball Wild Pitch! Quirino Portel to second 1-0: Ball 2-0: Ball 3-0: Base on Balls
|
Batting: RHB Mario Cruz
|
0-0: Ball 1-0: Ball 2-0: Fielders Choice at 2nd, 5-4 (Groundball, 56, EV 86.2 MPH) Quirino Portel to third
|
Batting: SHB Henrik Berg
|
0-0: Called Strike 0-1: Swinging Strike 0-2: Ball 1-2: Ball 2-2: Strikes out swinging
|
Batting: LHB Murdock Cranton
|
0-0: Ball 1-0: Foul Ball, location: 2F 1-1: Ball 2-1: Swinging Strike 2-2: Strikes out swinging
|
Bottom of the 2nd over - 0 runs, 1 hit, 0 errors, 2 left on base; Clemson University 0 - University of Michigan 0 |
TOP OF THE 3RD |
Clemson University Tigers batting - Pitching for University of Michigan Wolverines : RHP Aaron Marakovits
|
Batting: RHB Willis Suarez
|
0-0: Called Strike 0-1: Called Strike 0-2: Foul Ball, location: 2F 0-2: Foul Ball, location: 2F 0-2: Strikes out swinging
|
Batting: LHB Mario Nunez
|
0-0: Called Strike 0-1: Ground out 6-3 (Groundball, 6, EV 103.1 MPH)
|
Batting: RHB Josh LeSage
|
0-0: Ball 1-0: Ball 2-0: Ball 3-0: Called Strike 3-1: SINGLE (Line Drive, 78S, EV 99.4 MPH)
|
Batting: RHB Marco Maggs
|
0-0: Ball 1-0: Foul Ball, location: 2F 1-1: Foul Ball, location: 2F 1-2: Strikes out swinging
|
Top of the 3rd over - 0 runs, 1 hit, 0 errors, 1 left on base; Clemson University 0 - University of Michigan 0 |
BOTTOM OF THE 3RD |
University of Michigan Wolverines batting - Pitching for Clemson University Tigers : RHP Mike Whitten
|
Batting: RHB Torsten Ernst
|
0-0: Ball 1-0: Ball 2-0: Ball 3-0: Base on Balls
|
Batting: RHB Chris Williamson
|
0-0: Ball 1-0: Fly out, F7 (Flyball, 78S, EV 96.2 MPH)
|
Batting: LHB Omar Gutierrez
|
0-0: Ball 1-0: Ball 2-0: Foul Ball, location: 2F 2-1: Ball 3-1: Foul Ball, location: 2F 3-2: Foul Ball, location: 2F 3-2: Grounds into double play, 5-4-3 (Groundball, 5, EV 83.1 MPH)
|
Bottom of the 3rd over - 0 runs, 0 hits, 0 errors, 0 left on base; Clemson University 0 - University of Michigan 0 |
TOP OF THE 4TH |
Clemson University Tigers batting - Pitching for University of Michigan Wolverines : RHP Aaron Marakovits
|
Batting: RHB David Rhodes
|
0-0: Ball 1-0: Called Strike 1-1: Foul Ball, location: 2F 1-2: Strikes out swinging
|
Batting: LHB Steve Gates
|
0-0: Ball 1-0: Ball 2-0: Called Strike 2-1: Ball 3-1: Base on Balls
|
Batting: RHB Jason Duncan
|
0-0: Foul Ball, location: 2F 0-1: Foul Ball, location: 2F 0-2: Ball 1-2: Foul Ball, location: 2F 1-2: Strikes out swinging
|
Batting: LHB George Jedinak
|
0-0: Foul Ball, location: 2F 0-1: Swinging Strike 0-2: Strikes out swinging
|
Top of the 4th over - 0 runs, 0 hits, 0 errors, 1 left on base; Clemson University 0 - University of Michigan 0 |
BOTTOM OF THE 4TH |
University of Michigan Wolverines batting - Pitching for Clemson University Tigers : RHP Mike Whitten
|
Pitching: RHP A.J. Newman
|
|
Batting: RHB Danny Arroyo
|
0-0: Swinging Strike 0-1: Swinging Strike 0-2: Fly out, F7 (Flyball, 7, EV 90.0 MPH)
|
Batting: RHB Quirino Portel
|
0-0: Fly out, F9 (Flyball, 9D, EV 86.9 MPH)
|
Batting: LHB Lance Sabo
|
0-0: Foul Ball, location: 2F 0-1: Foul Ball, location: 2F 0-2: Strikes out looking
|
Bottom of the 4th over - 0 runs, 0 hits, 0 errors, 0 left on base; Clemson University 0 - University of Michigan 0 |
TOP OF THE 5TH |
Clemson University Tigers batting - Pitching for University of Michigan Wolverines : RHP Aaron Marakovits
|
Batting: RHB Jose Rolon
|
0-0: Foul Ball, location: 2F 0-1: Foul Ball, location: 2F 0-2: Ball 1-2: Ball 2-2: Ball 3-2: Base on Balls
|
Batting: RHB Willis Suarez
|
0-0: Swinging Strike 0-1: Ball 1-1: Fly out, F9 (Flyball, 89M, EV 78.8 MPH)
|
Batting: LHB Mario Nunez
|
0-0: Hit by Pitch Jose Rolon to second
|
Batting: RHB Josh LeSage
|
0-0: Ball 1-0: Ball 2-0: Called Strike 2-1: Reached on error, E6 (Groundball, 6, EV 105.6 MPH) Jose Rolon to third Mario Nunez to second
|
Batting: RHB Marco Maggs
|
0-0: Called Strike 0-1: Called Strike 0-2: Strikes out swinging
|
Batting: RHB David Rhodes
|
0-0: Ball 1-0: Called Strike 1-1: Foul Ball, location: 2F 1-2: Ball 2-2: Strikes out looking
|
Top of the 5th over - 0 runs, 0 hits, 1 error, 3 left on base; Clemson University 0 - University of Michigan 0 |
BOTTOM OF THE 5TH |
University of Michigan Wolverines batting - Pitching for Clemson University Tigers : RHP A.J. Newman
|
Batting: RHB Mario Cruz
|
0-0: Ball 1-0: Ground out 4-3 (Groundball, 4M, EV 88.1 MPH)
|
Batting: SHB Henrik Berg
|
0-0: Called Strike 0-1: Foul Ball, location: 2F 0-2: Foul Ball, location: 2F 0-2: Ball 1-2: Strikes out looking
|
Batting: LHB Murdock Cranton
|
0-0: Ball 1-0: Fly out, F7 (Flyball, 7LS, EV 80.0 MPH)
|
Bottom of the 5th over - 0 runs, 0 hits, 0 errors, 0 left on base; Clemson University 0 - University of Michigan 0 |
TOP OF THE 6TH |
Clemson University Tigers batting - Pitching for University of Michigan Wolverines : RHP Aaron Marakovits
|
Batting: LHB Steve Gates
|
0-0: Called Strike 0-1: Called Strike 0-2: Strikes out swinging
|
Batting: RHB Jason Duncan
|
0-0: Swinging Strike 0-1: Swinging Strike 0-2: Foul Ball, location: 2F 0-2: Ball 1-2: Strikes out looking
|
Batting: LHB George Jedinak
|
0-0: Called Strike 0-1: Swinging Strike 0-2: Foul Ball, location: 2F 0-2: Strikes out swinging
|
Top of the 6th over - 0 runs, 0 hits, 0 errors, 0 left on base; Clemson University 0 - University of Michigan 0 |
BOTTOM OF THE 6TH |
University of Michigan Wolverines batting - Pitching for Clemson University Tigers : RHP A.J. Newman
|
Pitching: RHP Ahto Selin
|
|
Batting: RHB Torsten Ernst
|
0-0: Fly out, F7 (Flyball, 78M, EV 88.8 MPH)
|
Pitching: RHP John Sweet
|
|
Batting: RHB Chris Williamson
|
0-0: Foul Ball, location: 2F 0-1: Ball 1-1: Foul Ball, location: 2F 1-2: Fly out, F4 (Flyball, 4MD, EV 83.8 MPH)
|
Pitching: LHP Salvatore Vasquez
|
|
Batting: LHB Omar Gutierrez
|
0-0: Called Strike 0-1: Ground out 6-3 (Groundball, 6M, EV 80.0 MPH)
|
Bottom of the 6th over - 0 runs, 0 hits, 0 errors, 0 left on base; Clemson University 0 - University of Michigan 0 |
TOP OF THE 7TH |
Clemson University Tigers batting - Pitching for University of Michigan Wolverines : RHP Aaron Marakovits
|
Batting: RHB Jose Rolon
|
0-0: Ball 1-0: Called Strike 1-1: Called Strike 1-2: Foul Ball, location: 2F 1-2: Ball 2-2: Strikes out looking
|
Batting: RHB Willis Suarez
|
0-0: Called Strike 0-1: Foul Ball, location: 2F 0-2: Ball 1-2: Ball 2-2: Foul Ball, location: 2F 2-2: Ball 3-2: Foul Ball, location: 2F 3-2: Ground out 6-3 (Groundball, 6, EV 88.1 MPH)
|
Batting: LHB Mario Nunez
|
0-0: Ball 1-0: Ball 2-0: Ball 3-0: Called Strike 3-1: Foul Ball, location: 2F 3-2: Strikes out swinging
|
Top of the 7th over - 0 runs, 0 hits, 0 errors, 0 left on base; Clemson University 0 - University of Michigan 0 |
BOTTOM OF THE 7TH |
University of Michigan Wolverines batting - Pitching for Clemson University Tigers : LHP Salvatore Vasquez
|
Pitching: RHP Gustavo Carena
|
|
Batting: RHB Danny Arroyo
|
0-0: Called Strike 0-1: Ground out 5-3 (Groundball, 56, EV 86.9 MPH)
|
Batting: RHB Quirino Portel
|
0-0: Called Strike 0-1: Called Strike 0-2: Ball 1-2: Strikes out swinging
|
Batting: LHB Lance Sabo
|
0-0: Foul Ball, location: 2F 0-1: Swinging Strike 0-2: Strikes out swinging
|
Bottom of the 7th over - 0 runs, 0 hits, 0 errors, 0 left on base; Clemson University 0 - University of Michigan 0 |
TOP OF THE 8TH |
Clemson University Tigers batting - Pitching for University of Michigan Wolverines : RHP Aaron Marakovits
|
Batting: RHB Josh LeSage
|
0-0: Ball 1-0: Ball 2-0: Ball 3-0: Called Strike 3-1: Base on Balls
|
Batting: RHB Marco Maggs
|
0-0: Called Strike 0-1: Ball 1-1: Ball 2-1: Ball 3-1: Base on Balls Josh LeSage to second
|
Batting: RHB David Rhodes
|
0-0: Ball 1-0: SINGLE (Line Drive, 4D, EV 107.5 MPH) Josh LeSage to third Marco Maggs to second Runner from 3rd tries for Home, throw by CF and OUT! 8-2
|
Batting: LHB Steve Gates
|
0-0: Called Strike 0-1: Ball 1-1: Foul Ball, location: 2F 1-2: Ball 2-2: Foul Ball, location: 2F 2-2: Ball 3-2: Foul Ball, location: 2F 3-2: Base on Balls Marco Maggs to third David Rhodes to second
|
Batting: RHB Jason Duncan
|
0-0: Called Strike 0-1: Grounds into fielders choice 6-2 (Groundball, 6, EV 78.8 MPH) David Rhodes to third Steve Gates to second
|
Batting: LHB George Jedinak
|
0-0: Foul Ball, location: 2F 0-1: Hit by Pitch David Rhodes scores Steve Gates to third Jason Duncan to second
|
Batting: RHB Jose Rolon
|
0-0: Called Strike 0-1: Swinging Strike 0-2: Fly out, F8 (Flyball, 8RM, EV 80.6 MPH)
|
Top of the 8th over - 1 run, 1 hit, 0 errors, 3 left on base; Clemson University 1 - University of Michigan 0 |
BOTTOM OF THE 8TH |
University of Michigan Wolverines batting - Pitching for Clemson University Tigers : RHP Gustavo Carena
|
Pitching: LHP Brian Anderson
|
|
Batting: RHB Mario Cruz
|
0-0: Ball 1-0: Reached on error, E6 (Groundball, 56, EV 93.1 MPH)
|
Batting: SHB Henrik Berg
|
0-0: Sac Bunt to 15 - play at first, batter OUT! 1-3 Mario Cruz to second
|
Batting: LHB Murdock Cranton
|
0-0: 2-RUN HOME RUN (Flyball, 89XD, EV 108.1 MPH), Distance : 436 ft
|
Batting: RHB Torsten Ernst
|
0-0: Ball 1-0: Swinging Strike 1-1: Ball 2-1: SINGLE (Line Drive, 4D, EV 94.4 MPH)
|
Batting: RHB Chris Williamson
|
0-0: Called Strike 0-1: Foul Ball, location: 2F 0-2: Foul Ball, location: 2F 0-2: Ball 1-2: Strikes out swinging
|
Batting: LHB Omar Gutierrez
|
0-0: Called Strike 0-1: Ball 1-1: Swinging Strike 1-2: Ball 2-2: Strikes out swinging
|
Bottom of the 8th over - 2 runs, 2 hits, 1 error, 1 left on base; Clemson University 1 - University of Michigan 2 |
TOP OF THE 9TH |
Clemson University Tigers batting - Pitching for University of Michigan Wolverines : RHP Aaron Marakovits
|
Batting: RHB Willis Suarez
|
0-0: Fly out, F7 (Flyball, 7, EV 96.2 MPH)
|
Batting: LHB Mario Nunez
|
0-0: Ball 1-0: Ball 2-0: Called Strike 2-1: Called Strike 2-2: Strikes out swinging
|
Batting: RHB Josh LeSage
|
0-0: Swinging Strike 0-1: Foul Ball, location: 2F 0-2: Strikes out looking
|
Top of the 9th over - 0 runs, 0 hits, 0 errors, 0 left on base; Clemson University 1 - University of Michigan 2 |
|